 Dungeon Crawl Stone Soup version 0.29-a0-541-gaf1fc19f1b (webtiles) character file.

Game seed: 13423216381701394206

63 oldriver the Skirmisher (level 3, 0/32 HPs)
             Began as a Palentonga Wanderer on June 3, 2022.
             Slain by Natasha (3 damage)
             ... on level 3 of the Dungeon.
             The game lasted 00:01:53 (1711 turns).

oldriver the Skirmisher (Palentonga Wanderer)       Turns: 1711, Time: 00:01:54

Health: 0/32       AC:  4    Str: 15    XL:     3   Next: 89%
Magic:  3/3        EV:  8    Int: 11    God:
Gold:   83         SH:  0    Dex: 12    Spells: 2/2 levels left

rFire   . . .      SeeInvis +   b - +0 falchion
rCold   . . .      Faith    .   (no shield)
rNeg    . . .      Spirit   .   e - +0 leather armour
rPois   .          Reflect  .   (no helmet)
rElec   .          Harm     .   (no cloak)
rCorr   .          Rampage  .   (no gloves)
Will    .....                   (no barding)
Stlth   +.........              (no amulet)
HPRegen 0.10/turn               (no ring)
MPRegen 0.08/turn               (no ring)

@: no status effects
A: large, rugged brown scales 3, see invisible, deformed body, roll 1, armoured
tail
a: Rolling Charge


You were on level 3 of the Dungeon.
You visited 1 branch of the dungeon, and saw 4 of its levels.

You collected 83 gold pieces.

Inventory:

Hand Weapons
 a - a +2 vorpal hunting sling
 b - a +0 falchion (weapon)
Armour
 e - a +0 leather armour (worn)
 j - a scarf of shadows
Wands
 c - a wand of flame (6) (quivered)
Scrolls
 f - a scroll of enchant armour {unknown}
 g - a scroll of enchant weapon {unknown}
 h - a scroll of fear {unknown}
 l - a scroll of identify {unknown}
 n - a scroll of magic mapping {unknown}
 o - a scroll of immolation {unknown}
Potions
 d - a potion of curing
 i - 2 potions of heal wounds {unknown}
 k - 2 potions of cancellation {unknown}
 m - a potion of haste {unknown}
 p - a potion of brilliance {unknown}


   Skills:
 * Level 4.2 Fighting
 - Level 1.0 Long Blades
 - Level 2.1 Slings
 - Level 1.0 Stealth
 - Level 2.6 Evocations


You had 2 spell levels left.
You didn't know any spells.
Your spell library was empty.

Dungeon Overview and Level Annotations

Branches:
Dungeon (4/15)
 Temple: D:4-7

Altars:

Annotations:
D:3 Natasha
D:4 1 runed translucent door, Crazy Yiuf


Innate Abilities, Weirdness & Mutations

You are completely covered in rugged brown scales. (AC +3, +7% HP)
You have supernaturally acute eyesight. (SInv)
Armour fits poorly on your strangely shaped body.
You can roll at nearby foes to attack.
You have a long armoured tail.


Message History

You see here a smoky orange potion.
Natasha is nearby!
Natasha is nearby!
Natasha is nearby!
You shoot a sling bullet. The sling bullet hits Natasha.
Natasha is heavily wounded.
Natasha mumbles some strange words.
You shoot a sling bullet.
The sling bullet barely misses the crimson imp.
You shoot a sling bullet. The sling bullet misses Natasha.
You shoot a sling bullet.
The sling bullet closely misses Natasha.
The crimson imp blinks!
Natasha mumbles some strange words.
You shoot a sling bullet. The sling bullet hits Natasha.
Natasha is severely wounded.
Natasha claws you! The white imp barely misses you. Natasha barely misses you.
You shoot a sling bullet. The sling bullet barely misses Natasha.
The crimson imp blinks!
The white imp gestures at you. The puff of frost hits you!
Natasha casts a spell.
Unknown command.
Fire: a) +2 hunting sling (vorpal)
Press: ? - help, Q - select action, (/) - cycle Shift-Dir - straight line, f/p - Natasha
Aim: Natasha (heavily wounded, 53% to hit)
You shoot a sling bullet. The sling bullet hits Natasha.
Natasha is severely wounded.
The white imp barely misses you. Natasha claws you!
* * * LOW HITPOINT WARNING * * *
The crimson imp blinks!
The white imp closely misses you. Natasha claws you!
* * * LOW HITPOINT WARNING * * *
b - a +0 falchion (weapon)
The crimson imp barely misses you.
You feel better. The white imp hits you.
* * * LOW HITPOINT WARNING * * *
The white imp freezes you.
* * * LOW HITPOINT WARNING * * *
Natasha claws you.
You die...

##### ######.....
####### #...†......
.......######..........
............#.5........
............#..@h...#
##....).....#.#.5......
.)....†......>#.#...#.#
##..........#.#[....#
#..........#.........
#..........#.##.5.....
#..........#+# .......
#........... .#.....
....#####... .


You could see Natasha, 2 crimson imps and a white imp (summoned).

Vanquished Creatures
  A hound (D:4)
  An adder (D:2)
  2 dart slugs (D:1)
  4 ball pythons
  2 bats (D:1)
  2 endoplasms
  2 goblins (D:3)
  A hobgoblin (D:4)
  A quokka (D:1)
  2 frilled lizards (D:3)
  2 kobolds
  2 rats (D:2)
22 creatures vanquished.

Notes
Turn   | Place    | Note
-------+----------+-------------------------------------------
     0 | D:1      | oldriver the Palentonga Wanderer began the quest for the
                  | Orb.
     0 | D:1      | oldriver set off with the following items: a +2 hunting
                  | sling, a +0 falchion, a wand of flame (6), a potion of
                  | curing, a +0 leather armour
     0 | D:1      | Reached XP level 1. HP: 17/17 MP: 1/1
   149 | D:1      | Noticed a golden eye
   152 | D:1      | Found a faded altar of an unknown god.
   155 | D:1      | Noticed an eye of devastation
   155 | D:1      | Noticed a floating eye
   155 | D:1      | Noticed a floating eye
   417 | D:1      | Reached XP level 2. HP: 24/24 MP: 2/2
   845 | D:1      | Reached skill level 3 in Fighting
  1299 | D:2      | You fall into a shaft and drop 2 floors!
  1329 | D:4      | Found a runed translucent door.
  1330 | D:4      | Noticed Crazy Yiuf
  1356 | D:4      | Reached XP level 3. HP: 31/31 MP: 3/3
  1396 | D:4      | Reached skill level 4 in Fighting
  1702 | D:3      | Noticed Natasha
  1711 | D:3      | Slain by Natasha

Illustrated notes

Levels and vault maps discovered:
D:1:      zaba_arrival_water, layout_loops_corners,
          hellmonk_ecumenical_altar_watching_god
D:2:      layout_basic
D:3:      layout_basic, mainiacjoe_overflow_concentric_impassable, uniq_natasha
D:4:      layout_gridville, abandoned_shop, uniq_crazy_yiuf_cottage

Skill      XL: |  1  2  3 |
---------------+----------+-----
Fighting       | 3 4 |  4.2
Long Blades    | |  1.0
Slings         | |  2.1
Stealth        | |  1.0
Evocations     | |  2.6

Action                   || total
-------------------------++-------
Melee: Falchion          ||     2
       Tailslap          ||     1
 Fire: Hunting sling     ||    53
  Use: Potion            ||     1
Dodge: Dodged            ||    12

Table legend: (Time is in decaauts)
 A = Elapsed time spent in this place.
 B = Non-inter-level travel time spent in this place.
 C = Inter-level travel time spent in this place.
 D = Time resting spent in this place.
 E = Time spent auto-exploring this place.
 F = Levels seen in this place.
 G = Mean time per level.
                   A        B        C        D        E       F      G
               +--------+--------+--------+--------+--------+-----+--------+
         Total |   1737 |   1631 |    106 |    262 |   1208 |   4 |  434.2 |
       Dungeon |   1737 |   1631 |    106 |    262 |   1208 |   4 |  434.2 |
               +--------+--------+--------+--------+--------+-----+--------+

Top non-repeatable levels by time:
     D:1: 1082 daAuts
     D:4: 384 daAuts
     D:2: 234 daAuts
     D:3: 37 daAuts
